 Dungeon Sprint DCSS version 0.28.0 (webtiles) character file.

Game seed: 17953725948749120661

90 boopmooplesden the Shield-Bearer (level 4, -12/45 HPs)
             Began as a Minotaur Fighter on Feb 5, 2022.
             Killed from afar by an oklob sapling priest (17 damage)
             ... with a splash of acid
             ... in the Dungeon (Sprint IV: "Fedhas' Mad Dash").
             The game lasted 00:00:42 (121 turns).

boopmooplesden the Shield-Bearer (Minotaur Fighter)  Turns: 121, Time: 00:00:42

Health: -12/45     AC:  3    Str: 21    XL:     4   Next: 32%
Magic:  1/3        EV:  9    Int:  5    God:
Gold:   32         SH:  5    Dex: 11    Spells: 3/3 levels left

rFire   . . .      SeeInvis .   a - +0 war axe
rCold   . . .      Faith    .   c - +0 buckler
rNeg    . . .      Spirit   .   b - +0 scale mail
rPois   .          Reflect  .   (helmet restricted)
rElec   .          Harm     .   (no cloak)
rCorr   .          Rampage  .   (no gloves)
Will    .....      NoTele   +   (no boots)
Stlth   ..........              d - amulet of invisibility {+Inv}
HPRegen 0.15/turn               (no ring)
MPRegen 0.08/turn               (no ring)

@: mighty, corroded, very slightly contaminated
A: horns 2, retaliatory headbutt
a: Evoke Invisibility


You were in the Dungeon.
You visited 1 branch You collected 32 gold pieces.

Inventory:

Hand Weapons
 a - a +0 war axe (weapon)
Armour
 b - a +0 scale mail (worn)
 c - a +0 buckler (worn)
Jewellery
 d - the amulet of invisibility (around neck) {+Inv}
   (You found it in the Dungeon)

   [amulet of nothing]

   +Inv:      It lets you turn invisible.
Potions
 e - a potion of curing
 f - a potion of heal wounds
 g - a potion of haste
 h - 2 potions of magic
 i - a potion of berserk rage


   Skills:
 + Level 6.7 Fighting
 + Level 4.0 Axes
 + Level 6.5 Armour
 + Level 6.7 Shields
 + Level 0.3 Evocations


You had 3 spell levels left.
You didn't know any spells.
Your spell library was empty.

Dungeon Overview and Level Annotations

Branches:
Dungeon (1/1)

Altars:
Cheibriados
Dithmenos
Elyvilon
Gozag
Hepliaklqana
Kikubaaqudgha
Makhleb
Nemelex Xobeh
Okawaru
Qazlal
Ru
Sif Muna
Trog
Uskayaw
Vehumet
Wu Jian
Xom
Yredelemnul
Zin
The Shining One
Beogh
Jiyva
Lugonu

Annotations:
D exclusion: oklob sapling


Innate Abilities, Weirdness & Mutations

You have a pair of horns on your head.
You reflexively headbutt those who attack you in melee.


Message History

You destroy the oklob sapling!
Your Axes skill increases to level 4!
You have reached level 4!
You feel stronger.
You now have 32 gold pieces (gained 10).
You open the door.
Found ten altars.
An oklob sapling priest comes into view.
Found three altars.
Marking area around an oklob sapling priest as unsafe for travelling.
There is an open door here.
Found three altars.
You flicker for a moment.
Found two altars.
Found three altars.
There is an opulent altar of Gozag here.
Found a corrupted altar of Lugonu and a radiant altar of Vehumet.
There is a hazy altar of Hepliaklqana here.
The oklob sapling priest spits acid at you.
The splash of acid misses you.
There is a sparkling altar of Nemelex Xobeh here.
You flicker back into view.
There is a bloodstained altar of Trog here.
You slash the oklob sapling priest!
The oklob sapling priest is heavily damaged.
The oklob sapling priest miscasts a cantrip.
You hit the oklob sapling priest but do no damage.
The oklob sapling priest is heavily damaged.
The oklob sapling priest mumbles some strange prayers to its god against you.
Something smites you!
You slash the oklob sapling priest!
The oklob sapling priest is almost destroyed.
The oklob sapling priest spits acid at you.
The splash of acid hits you!!
Ouch! That really hurt!
* * * LOW HITPOINT WARNING * * *
The acid corrodes you!
The oklob sapling priest spits acid at you.
The splash of acid hits you!
You die...

########################
...#.....#.⌠._._._._.⌠.#
...'.#[[.'.._._._._._..+
...#.#...#..._._P_._...#
#######+##.._._.@._._..#
#._._._._._.⌠.#
###############


You could see an oklob sapling priest.

Vanquished Creatures
  A scorpion (D)
  An oklob sapling (D)
  A river rat (D)
  A rat (D)
4 creatures vanquished.

Vanquished Creatures (others)
  5 fungi (D)
5 creatures vanquished.

Grand Total: 9 creatures vanquished

Notes
Turn   | Place    | Note
-------+----------+-------------------------------------------
     0 | D        | boopmooplesden the Minotaur Fighter began the quest for the
                  | Orb.
     0 | D        | Reached XP level 1. HP: 19/19 MP: 0/0
    17 | D        | Reached XP level 2. HP: 22/28 MP: 1/1
    81 | D        | Noticed a scorpion
    81 | D        | Found the amulet of invisibility {+Inv}
    83 | D        | Killed a scorpion
    84 | D        | Reached XP level 3. HP: 37/37 MP: 2/2
   102 | D        | Noticed an oklob sapling
   104 | D        | Killed an oklob sapling
   105 | D        | Reached XP level 4. HP: 45/45 MP: 0/3
   110 | D        | Found an opulent altar of Gozag.
   110 | D        | Found a hazy altar of Hepliaklqana.
   110 | D        | Found a burning altar of Makhleb.
   110 | D        | Found a sparkling altar of Nemelex Xobeh.
   110 | D        | Found a snail-covered altar of Cheibriados.
   110 | D        | Found a sacrificial altar of Ru.
   110 | D        | Found a shimmering blue altar of Sif Muna.
   110 | D        | Found a shimmering altar of Xom.
   110 | D        | Found a basalt altar of Yredelemnul.
   111 | D        | Found a viscous altar of Jiyva.
   111 | D        | Found a bloodstained altar of Trog.
   111 | D        | Found an ornate altar of the Wu Jian Council.
   112 | D        | Found an iron altar of Okawaru.
   112 | D        | Found a shadowy altar of Dithmenos.
   112 | D        | Found a glowing silver altar of Zin.
   113 | D        | Found an ancient bone altar of Kikubaaqudgha.
   113 | D        | Found a hide-covered altar of Uskayaw.
   114 | D        | Found a stormy altar of Qazlal.
   114 | D        | Found a white marble altar of Elyvilon.
   114 | D        | Found a glowing golden altar of the Shining One.
   115 | D        | Found a corrupted altar of Lugonu.
   115 | D        | Found a radiant altar of Vehumet.
   121 | D        | Killed from afar by an oklob sapling priest

Illustrated notes

Levels and vault maps discovered:
D:        dungeon_sprint_fedhas [sprint_temple]

Skill      XL: |  1  2  3 |
---------------+----------+-----
Fighting       | 4 6 |  6.7
Armour         | 4 6 |  6.5
Shields        | 4 6 |  6.7
Axes           | 3 4 |  4.0
Evocations     | |  0.3

Action                   |  1- 3 |  4- 6 || total
-------------------------+-------+-------++-------
Melee: War axe           |    11 |     3 ||    14
       Headbutt          |     3 |       ||     3
 Abil: Evoke Invisibilit |     1 |       ||     1
  Use: Scroll            |     1 |       ||     1
       Potion            |     1 |       ||     1
Armor: Scale mail        |     2 |       ||     2
Dodge: Dodged            |     1 |     1 ||     2
Block: Buckler           |     4 |       ||     4
